Map: Eternal Empire LE

Players

LiquidMaNa (MaNa) - Winner!

  • Race: Protoss Protoss
  • League: Grandmaster
  • Spawn Location: 7:00

AGOElazer (Elazer)

  • Race: Zerg Zerg
  • League: Grandmaster
  • Spawn Location: 1:00

Event: DreamHack SC2 Masters 2020 Summer Europe

VOD

Have the link to the VOD?

Description

Time

  • Played on: June 26, 2020, 1:46 p.m.
  • Length: 11:50

All games in this series

Show
View Real Time Build Order
Export as new Build Order

LiquidMaNa Protoss - Winner!

Build Orders: 1 Gate Expand, Mass Adepts 

Get SALT Encoding   

  12  0:00  Probe  
  13  0:12  Probe  
  14  0:22  Pylon  
  14  0:24  Probe  
  15  0:36  Probe  
  16  0:44  Gateway, Probe  
  17  0:51  Assimilator  
  17  0:54  Probe  
  18  1:06  Probe  
  19  1:18  Probe  
  20  1:28  Nexus  
  20  1:37  Cybernetics Core  
  20  1:40  Probe  
  20  1:46  Assimilator  
  21  1:53  Probe  
  22  1:58  Pylon  
  22  2:05  Probe  
  22  2:06  Adept  
  23  2:14  Warp Gate  
  23  2:15  Probe  
  26  2:23  Probe  
  26  2:27  Adept  
  27  2:32  Twilight Council, Probe  
  30  2:39  Probe  
  31  2:48  Robotics Facility  
  31  2:51  Probe  
  32  2:53  Probe  
  33  3:03  Probe  
  33  3:04  Stalker  
  33  3:05  Probe  
  37  3:10  Resonating Glaives  
  37  3:12  Gateway  
  37  3:24  Probe  
  37  3:25  Probe  
  39  3:28  Warp Prism  
  39  3:41  Gateway  
  39  3:44  Gateway  
  39  3:45  Probe  
  40  3:52  Pylon  
  40  3:54  Probe  
  41  3:57  Assimilator, Probe  
  42  4:04  Adept  
  42  4:07  Adept  
  45  4:20  Pylon  
  45  4:21  Probe  
  45  4:22  Probe  
  47  4:34  Adept x2  
  47  4:36  Adept  
  47  4:38  Adept  
  55  4:39  Probe x2  
  55  4:41  Pylon  
  57  4:57  Adept x2  
  61  5:01  Adept x2  
  61  5:03  Probe x2  
  61  5:04  Nexus  
  65  5:22  Adept x3  
  65  5:38  Probe x2  
  65  5:41  Immortal  
  65  5:42  Pylon  
  65  5:50  Probe x2  
  61  6:02  Probe x2  
  61  6:04  Assimilator  
  59  6:06  Sentry x4, Forge  
  66  6:14  Immortal, Probe x2  
  68  6:19  Probe  
  73  6:26  Probe x2  
  73  6:29  Gateway  
  73  6:30  Gateway  
  73  6:31  Gateway  
  75  6:36  Protoss Ground Weapons Level 1, Pylon  
  75  6:37  Probe  
  75  6:39  Probe x2  
  76  6:46  Robotics Bay  
  76  6:49  Pylon  
  76  6:50  Assimilator, Probe  
  76  6:51  Probe x2  
  76  6:52  Assimilator  
  79  7:00  Immortal  
  83  7:02  Probe  
  84  7:10  Shield Battery  
  84  7:11  Stalker x2  
  84  7:12  Stalker  
  84  7:13  Probe x2  
  92  7:17  Probe  
  92  7:21  Pylon  
  93  7:25  Probe  
  93  7:26  Pylon  
  93  7:28  Pylon, Colossus, Probe  
  93  7:32  Blink  
  93  7:38  Probe x2  
  101  7:51  Stalker x4  
  109  8:03  Adept x3  
  115  8:09  Probe x2  
  115  8:10  Pylon  
  117  8:12  Pylon  
  117  8:22  Observer  
  117  8:25  Nexus  
  118  8:30  Protoss Ground Weapons Level 2  
  118  8:33  Adept  
  118  8:34  Adept x2, Stalker x3  
  124  8:36  Stalker  
  124  8:39  Pylon  
  132  8:43  Extended Thermal Lance  
  132  9:02  Stalker x5  
  140  9:12  Stalker x2  
  140  9:16  Colossus  
  135  9:25  Stalker x3  
  135  9:29  Stalker  
  137  9:39  Stalker x3  
  116  9:53  Stalker x2  
  116  9:54  Stalker x2  
  116  9:58  Probe  
  125  10:04  Stalker x3  
  127  10:11  Colossus  
  116  10:21  Stalker x4  
  116  10:22  Probe  
  122  10:29  Probe x2  
  122  10:35  Adept x2  
  126  10:36  Adept  
  130  10:47  Sentry x2  
  130  10:48  Sentry  
  130  10:49  Zealot  
  138  10:56  Probe  
  139  11:05  Pylon  
  137  11:12  Nexus  
  137  11:17  Stalker x4  
Show
View Real Time Build Order
Export as new Build Order

AGOElazer Zerg 

Build Orders: Hatch First 

Get SALT Encoding   

  12  0:00  Drone  
  13  0:12  Overlord  
  13  0:16  Drone  
  14  0:30  Drone x2  
  16  0:37  Drone  
  17  0:52  Hatchery  
  17  0:55  Drone  
  17  0:58  Drone  
  18  1:09  Extractor  
  17  1:13  Spawning Pool  
  17  1:16  Drone  
  17  1:19  Drone  
  18  1:27  Drone  
  19  1:38  Drone  
  20  1:49  Overlord  
  20  1:59  Queen  
  22  2:03  Queen  
  22  2:04  Zergling x4  
  26  2:12  Drone, Metabolic Boost  
  27  2:15  Drone  
  28  2:24  Drone  
  28  2:26  Drone  
  30  2:35  Hatchery  
  29  2:38  Zergling x2  
  29  2:40  Drone  
  31  2:47  Queen  
  33  2:52  Overlord  
  33  2:55  Drone  
  33  2:57  Drone  
  35  3:00  Drone  
  36  3:12  Zergling x2  
  37  3:14  Drone x4  
  41  3:20  Drone  
  42  3:29  Drone  
  42  3:34  Drone x2  
  43  3:42  Spore Crawler  
  43  3:43  Drone  
  43  3:44  Drone  
  43  3:46  Queen  
  43  3:47  Queen  
  43  3:48  Overlord  
  48  3:49  Drone x2  
  50  3:58  Roach Warren, Zergling x2  
  50  4:05  Overlord  
  50  4:07  Zergling x2  
  50  4:08  Zergling x8  
  56  4:17  Zergling x6  
  56  4:22  Overlord  
  57  4:25  Zergling x6  
  57  4:26  Zergling x2  
  57  4:27  Overlord  
  61  4:40  Roach x2  
  61  4:41  Roach x2  
  61  4:42  Drone, Spore Crawler  
  69  4:48  Roach x4  
  77  4:54  Roach x2  
  81  5:04  Overlord  
  81  5:09  Spore Crawler  
  80  5:15  Overlord  
  80  5:18  Drone  
  76  5:23  Roach  
  76  5:24  Roach x5  
  85  5:31  Zergling x10  
  80  5:38  Zergling x4  
  78  5:48  Zergling x10  
  80  5:54  Overlord  
  73  5:57  Drone x5  
  78  6:09  Drone x3, Lair  
  81  6:22  Drone x3  
  81  6:23  Drone x3  
  84  6:27  Drone  
  84  6:28  Drone x3  
  84  6:32  Drone x2  
  88  6:43  Drone x3  
  91  6:47  Extractor  
  91  6:49  Extractor  
  91  6:50  Drone  
  91  6:51  Drone x2  
  91  6:53  Evolution Chamber, Drone x4  
  95  6:54  Baneling Nest  
  95  6:56  Drone x2  
  95  6:59  Pneumatized Carapace  
  96  7:02  Drone x2  
  96  7:05  Drone x2  
  96  7:07  Overseer  
  100  7:11  Overlord  
  100  7:14  Drone x2, Extractor  
  100  7:15  Extractor  
  100  7:17  Overlord  
  100  7:23  Drone x6  
  105  7:31  Drone x2  
  105  7:34  Overlord  
  106  7:41  Extractor  
  106  7:44  Hatchery, Zerg Melee Weapons Level 1  
  104  7:45  Drone x5  
  104  7:47  Drone  
  104  7:48  Glial Reconstitution  
  110  7:53  Drone x5  
  110  7:56  Centrifical Hooks  
  115  8:03  Overlord  
  115  8:04  Roach x3  
  121  8:08  Overlord  
  121  8:13  Overlord, Ravager  
  122  8:20  Overlord  
  122  8:25  Roach x4  
  122  8:26  Overlord x2  
  130  8:28  Zergling x10  
  130  8:31  Ravager x2  
  137  8:35  Overlord, Infestation Pit  
  136  8:42  Unknown  
  136  8:44  Roach, Zergling x6  
  140  8:52  Spire  
  140  8:53  Zergling x16  
  143  8:56  Baneling x5  
  143  9:01  Roach x2  
  149  9:06  Overlord  
  149  9:08  Roach  
  148  9:14  Roach x5  
  152  9:20  Zergling x2  
  152  9:21  Zergling x6  
  143  9:27  Roach  
  143  9:29  Roach  
  143  9:31  Queen x2  
  137  9:33  Roach  
  135  9:40  Roach x2  
  119  9:47  Roach x4  
  119  9:52  Roach x2  
  111  9:55  Zergling x2  
  85  10:03  Roach  
  85  10:05  Zergling x2  
  82  10:07  Burrow  
  82  10:09  Zergling x2  
  82  10:13  Ravager  
  84  10:15  Ravager x4  
  82  10:21  Zergling x4  
  82  10:22  Zergling x6  
  74  10:40  Hatchery  
  74  10:41  Zergling x6  
  76  10:48  Baneling  
  76  10:49  Baneling x10  
  76  10:52  Baneling x3  
  76  10:58  Zergling x4  
  76  11:00  Zergling x2  
  76  11:02  Zergling x2  
  80  11:06  Zergling x4  
  76  11:13  Zergling x2  
  76  11:14  Zergling x4  
Tags
 
Add a new tag
Caveats
  • Supply blocks, unpowered buildings, or Contaminate may cause inaccurate times.
  • Supply counts are checked every 10 seconds.